[Event "ICC tourney 2009 (45 10)"]
[Site "Internet Chess Club"]
[Date "2020.09.19"]
[Round "1"]
[White "Niteshc"]
[Black "bonnelleo1"]
[Result "0-1"]
[ICCResult "White checkmated"]
[WhiteElo "1645"]
[BlackElo "1928"]
[Opening "French: Steinitz variation"]
[ECO "C11"]
[NIC "FR.04"]
[Time "11:04:42"]
[TimeControl "2700+10"]

1. e4 e6 2. d4 d5 3. Nc3 Nf6 4. e5 Nfd7 5. f4 c5 6. Nf3 Be7 7. Be3 Nc6 8.
Be2 cxd4 9. Bxd4 Nxd4 10. Nxd4 a6 11. O-O Bc5 12. Kh1 Bxd4 13. Qxd4 Qb6 14.
Qxb6 Nxb6 15. b3 Bd7 16. Rfd1 Rc8 17. Rd3 Ke7 18. Rc1 Rc7 19. Nd1 Bb5 20.
Rd2 Bxe2 21. Rxe2 Rhc8 22. Rd2 a5 23. a4 Nd7 24. Ne3 Nc5 25. Kg1 Nxb3 26.
Rcd1 Nxd2 27. Rxd2 Rc3 28. Kf2 Ra3 29. Rd4 Rcc3 30. Nd1 Rxc2+ 31. Kf1 Raa2
32. Ne3 Rf2+ 33. Kg1 Rfe2 34. Nd1 Re1# {White checkmated} 0-1

[Event "ICC tourney 2009 (45 10)"]
[Site "Internet Chess Club"]
[Date "2020.09.19"]
[Round "1"]
[White "Queen4aKing"]
[Black "karuto2006"]
[Result "0-1"]
[ICCResult "White resigns"]
[WhiteElo "1497"]
[BlackElo "1780"]
[Opening "Ruy Lopez: closed defense"]
[ECO "C84"]
[NIC "RL.13"]
[Time "11:04:49"]
[TimeControl "2700+10"]

1. e4 e5 2. Nf3 Nc6 3. Bb5 a6 4. Ba4 Nf6 5. O-O Be7 6. Nc3 b5 7. Bb3 O-O 8.
d3 d6 9. Nd5 Nxd5 10. Bxd5 Bb7 11. d4 Qc8 12. dxe5 Nxe5 13. Nxe5 dxe5 14. b3
Rd8 15. Qf3 Bxd5 16. exd5 Qd7 17. Rd1 Bf6 18. Bb2 e4 19. Qe2 Bxb2 20. Rab1
Bf6 21. c4 b4 22. c5 Qb5 23. Qxe4 Qxc5 24. Rbc1 Bc3 25. Rd3 Re8 26. Qf3 Rad8
27. Rcd1 Rd6 28. Re3 Rxe3 29. fxe3 g6 30. Kh1 Rf6 31. Qe2 Be5 32. e4 Qb5 33.
Qe1 Bc3 34. Qg1 Qe2 {White resigns} 0-1

[Event "ICC tourney 2009 (45 10)"]
[Site "Internet Chess Club"]
[Date "2020.09.19"]
[Round "1"]
[White "HeJustin"]
[Black "VincentT2008"]
[Result "0-1"]
[ICCResult "White resigns"]
[WhiteElo "1594"]
[BlackElo "1867"]
[Opening "Ruy Lopez: closed, Pilnik variation"]
[ECO "C77"]
[NIC "RL.12"]
[Time "11:04:54"]
[TimeControl "2700+10"]

1. e4 e5 2. Nf3 Nc6 3. Bb5 a6 4. Ba4 Nf6 5. d3 b5 6. Bb3 Be7 7. O-O d6 8. c3
O-O 9. Re1 Na5 10. Bc2 c5 11. Nbd2 Qc7 12. Nf1 Bd7 13. Ng3 Rfe8 14. h3 Nc6
15. Qe2 h6 16. Nh4 Bf8 17. Nhf5 d5 18. Bd2 d4 19. Qf3 c4 20. Nxh6+ gxh6 21.
Qxf6 Re6 22. Qf3 Rd8 23. Rad1 dxc3 24. Bxc3 b4 25. Bd2 Nd4 26. Qg4+ Rg6 27.
Qh4 Nxc2 28. Rf1 c3 29. bxc3 bxc3 30. Bc1 Nd4 31. Be3 Be6 32. Nh5 Be7
{White resigns}
0-1

[Event "ICC tourney 2009 (45 10)"]
[Site "Internet Chess Club"]
[Date "2020.09.19"]
[Round "1"]
[White "speedyplot"]
[Black "che2468"]
[Result "1-0"]
[ICCResult "Black checkmated"]
[WhiteElo "1744"]
[BlackElo "1491"]
[Opening "Sicilian: Kan, 5.Bd3"]
[ECO "B42"]
[NIC "SI.42"]
[Time "11:04:33"]
[TimeControl "2700+10"]

1. e4 c5 2. Nf3 e6 3. d4 cxd4 4. Nxd4 a6 5. Bd3 b6 6. O-O Bb7 7. Nd2 Nf6 8.
e5 Nd5 9. c3 d6 10. exd6 Bxd6 11. Ne4 Be7 12. Qg4 g6 13. Re1 O-O 14. Bh6 Re8
15. Nxe6 Qd7 16. N4g5 Bxg5 17. Nxg5 Ne7 18. Qf4 f5 19. Qe5 Nd5 20. Qxe8+
Qxe8 21. Rxe8# {Black checkmated} 1-0

[Event "ICC tourney 2009 (45 10)"]
[Site "Internet Chess Club"]
[Date "2020.09.19"]
[Round "1"]
[White "happyscientist"]
[Black "ChessStar22"]
[Result "1-0"]
[ICCResult "Black resigns"]
[WhiteElo "1729"]
[BlackElo "1411"]
[Opening "Caro-Kann: exchange variation"]
[ECO "B13"]
[NIC "CK.02"]
[Time "11:05:01"]
[TimeControl "2700+10"]

1. e4 c6 2. d4 d5 3. exd5 cxd5 4. Nc3 Nc6 5. Nf3 Nf6 6. Bb5 Bg4 7. h3 Bh5 8.
O-O e6 9. Re1 Be7 10. Bf4 a6 11. Ba4 b5 12. Bb3 Bxf3 13. gxf3 Nh5 14. Ne2
Nxf4 15. Nxf4 O-O 16. c3 Bd6 17. Ng2 b4 18. Qe2 bxc3 19. bxc3 Qg5 20. Bc2
Qh5 21. h4 Be7 22. f4 Qxe2 23. Rxe2 Rfc8 24. f5 exf5 25. Bxf5 Rc7 26. Nf4
Rd8 27. Rae1 g6 28. Bd3 Kf8 29. Bxa6 Nb8 30. Bb5 Rb7 31. a4 h5 32. Ng2 Rc8
33. Nf4 Rd8 34. Re5 Bxh4 35. Re8+ Rxe8 36. Rxe8+ Kg7 37. Nxd5 Nd7 38. c4 Nf6
39. Nxf6 Bxf6 40. d5 Re7 41. d6 Rxe8 42. Bxe8 Bd8 43. c5 Kf8 44. Bb5 f5 45.
c6 {Black resigns} 1-0

[Event "ICC tourney 2009 (45 10)"]
[Site "Internet Chess Club"]
[Date "2020.09.19"]
[Round "1"]
[White "che8642"]
[Black "chessmilano"]
[Result "0-1"]
[ICCResult "White checkmated"]
[WhiteElo "1478"]
[BlackElo "1731"]
[Opening "Queen's pawn game"]
[ECO "D00"]
[NIC "QP.07"]
[Time "11:04:36"]
[TimeControl "2700+10"]

1. d4 Nf6 2. Nc3 d5 3. Bf4 e6 4. a3 a6 5. e3 c5 6. dxc5 Bxc5 7. Na4 Bd6 8.
Bg3 Bxg3 9. hxg3 Nc6 10. Nf3 e5 11. Qd2 Bf5 12. Nc3 b5 13. Rd1 d4 14. exd4
exd4 15. Nxd4 Nxd4 16. Qxd4 Qxd4 17. Rxd4 Bxc2 18. Bd3 Bxd3 19. Rxd3 O-O 20.
O-O Rfe8 21. Rfd1 g6 22. Kf1 Re6 23. Rd8+ Rxd8 24. Rxd8+ Kg7 25. Ra8 Ng4 26.
Nd5 Ne5 27. Nb4 Nc4 28. Rxa6 Nxb2 29. Rxe6 fxe6 30. Ke2 Kf6 31. Ke3 Nc4+ 32.
Kd4 Nxa3 33. Kc5 Kf5 34. Nc6 Nc2 35. Nd4+ Nxd4 36. Kxd4 e5+ 37. Kd3 Ke6 38.
Kc3 Kd5 39. f3 e4 40. f4 b4+ 41. Kxb4 Kd4 42. Kb3 Kd3 43. Kb2 e3 44. Kb3 e2
45. g4 e1=Q 46. f5 gxf5 47. gxf5 Qc3+ 48. Ka4 Qc4+ 49. Ka3 Kc3 50. f6 Qa6#
{White checkmated}
0-1

[Event "ICC tourney 2009 (45 10)"]
[Site "Internet Chess Club"]
[Date "2020.09.19"]
[Round "1"]
[White "StevChess01"]
[Black "whyyoutrysohard"]
[Result "1-0"]
[ICCResult "Black resigns"]
[WhiteElo "1905"]
[BlackElo "1617"]
[Opening "King's Indian: Sämisch, 5...O-O"]
[ECO "E81"]
[NIC "KI.54"]
[Time "11:04:37"]
[TimeControl "2700+10"]

1. d4 Nf6 2. c4 g6 3. f3 Bg7 4. e4 d6 5. Nc3 O-O 6. Be3 c5 7. Nge2 Qa5 8.
Qd2 e6 9. d5 exd5 10. cxd5 b5 11. Nc1 a6 12. Be2 Ne8 13. O-O f5 14. Nb3 Qc7
15. Rae1 fxe4 16. fxe4 Nf6 17. Bf3 Re8 18. Bf4 Bg4 19. e5 {Black resigns}
1-0

[Event "ICC tourney 2009 (45 10)"]
[Site "Internet Chess Club"]
[Date "2020.09.19"]
[Round "1"]
[White "spamazing26"]
[Black "Eagle2020"]
[Result "1-0"]
[ICCResult "Black checkmated"]
[WhiteElo "1829"]
[BlackElo "1587"]
[Opening "Queen's gambit declined"]
[ECO "D30"]
[NIC "QO.17"]
[Time "11:04:33"]
[TimeControl "2700+10"]

1. d4 e6 2. c4 d5 3. Nf3 Nf6 4. Bf4 c5 5. dxc5 Bxc5 6. e3 dxc4 7. Qxd8+ Kxd8
8. Bxc4 Ke7 9. O-O Rd8 10. Nc3 Nc6 11. Rad1 Bd7 12. a3 Be8 13. b4 Bb6 14.
Nb5 Nd5 15. Bd6+ Kf6 16. e4 a6 17. exd5 exd5 18. Nc3 dxc4 19. Nd5+ Ke6 20.
Nxb6 Rxd6 21. Rfe1+ Kf5 22. Rxd6 Ra7 23. Rxe8 a5 24. Rxc6 bxc6 25. Nd4+ Kf6
26. Nxc6 Rc7 27. Nd5+ Kg6 28. Nxc7 c3 29. Nd4 f5 30. Ncb5 Kf7 31. Ra8 g5 32.
Nxc3 Kg6 33. Rxa5 f4 34. Rxg5+ Kxg5 35. Ne6+ Kf5 36. Nxf4 Kxf4 37. a4 Ke5
38. b5 Kd6 39. a5 Kc7 40. Nd5+ Kb8 41. f4 h5 42. f5 h4 43. b6 h3 44. f6 Kb7
45. f7 Ka6 46. Nb4+ Kb7 47. Nc2 Ka6 48. f8=Q Kb7 49. Nb4 hxg2 50. Qe7+ Kc8
51. Qc7# {Black checkmated} 1-0

[Event "ICC tourney 2009 (45 10)"]
[Site "Internet Chess Club"]
[Date "2020.09.19"]
[Round "1"]
[White "DLWarrior"]
[Black "rpughiii"]
[Result "1-0"]
[ICCResult "Black resigns"]
[WhiteElo "1926"]
[BlackElo "1652"]
[Opening "Pirc defense"]
[ECO "B07"]
[NIC "PU.08"]
[Time "11:04:50"]
[TimeControl "2700+10"]

1. d4 d6 2. e4 Nf6 3. Nc3 Nbd7 4. f4 e5 5. Nf3 c6 6. fxe5 dxe5 7. dxe5 Ng4
8. Bf4 Nc5 9. Qxd8+ Kxd8 10. O-O-O+ Ke8 11. Bg3 Be7 12. h3 Ne3 13. Rd2 Nxf1
14. Rxf1 Be6 15. Rfd1 b5 16. Bh4 b4 17. Bxe7 Kxe7 18. Ne2 Nxe4 19. Rd4 Nc5
20. Rxb4 Rhd8 21. Ned4 Rac8 22. Ng5 h6 23. Ngxe6 Nxe6 24. Rb7+ {Black
resigns} 1-0

[Event "ICC tourney 2009 (45 10)"]
[Site "Internet Chess Club"]
[Date "2020.09.19"]
[Round "1"]
[White "tricksterssbu"]
[Black "wulovechess"]
[Result "1-0"]
[ICCResult "Black resigns"]
[WhiteElo "1701"]
[BlackElo "1390"]
[Opening "Giuoco Pianissimo: Italian four knights variation"]
[ECO "C55"]
[NIC "IG.01"]
[Time "11:04:40"]
[TimeControl "2700+10"]

1. e4 e5 2. Nf3 Nc6 3. Bc4 Nf6 4. d3 Bc5 5. Nc3 O-O 6. O-O d6 7. Na4 Bb6 8.
c3 Bg4 9. b4 d5 10. exd5 Nxd5 11. h3 Bh5 12. Bxd5 Qxd5 13. c4 Qd7 14. c5
Bxf3 15. Qxf3 Nxb4 16. cxb6 axb6 17. Nc3 Qxd3 18. Qxd3 Nxd3 19. Rd1 Rad8 20.
Be3 c5 21. Rab1 f5 22. Rxb6 f4 23. Bc1 Rd4 24. Nb5 Rc4 25. Rxd3 Rxc1+ 26.
Kh2 c4 27. Rd7 Rf7 28. Rbxb7 Rxd7 29. Rxd7 c3 30. Rc7 c2 31. Na3 Rf1 32.
Rxc2 e4 33. Nc4 Re1 34. Nd6 g5 35. Rc5 h6 36. Nf5 Kh7 37. Rc6 Re2 38. Rxh6+
Kg8 39. Nd6 e3 40. fxe3 fxe3 41. Rg6+ Kh7 42. Rxg5 Rd2 43. Nc4 e2 44. Re5
Rxa2 45. Kg3 Rc2 46. Nd6 Rc3+ 47. Kf2 Rd3 48. Ne8 Rd8 49. Rxe2 Kh6 50. g4
{Black resigns}
1-0

[Event "ICC tourney 2009 (45 10)"]
[Site "Internet Chess Club"]
[Date "2020.09.19"]
[Round "1"]
[White "KittiesRock18"]
[Black "Natey"]
[Result "1/2-1/2"]
[ICCResult "Game drawn by mutual agreement"]
[WhiteElo "1376"]
[BlackElo "1678"]
[Opening "Scotch game"]
[ECO "C45"]
[NIC "SO.05"]
[Time "11:04:41"]
[TimeControl "2700+10"]

1. e4 e5 2. Nf3 Nc6 3. d4 exd4 4. Nxd4 Bc5 5. Nxc6 Qf6 6. Qf3 Qxf3 7. gxf3
dxc6 8. Be3 Bxe3 9. fxe3 Be6 10. Nd2 O-O-O 11. O-O-O Nf6 12. Bc4 Rhe8 13.
Rhg1 g6 14. Bxe6+ Rxe6 15. Nc4 Rde8 16. Rd2 Nd7 17. Rgd1 R6e7 18. Rd3 Nb6
19. Nxb6+ cxb6 20. Ra3 a6 21. Rd6 f5 22. exf5 gxf5 23. Rf6 Re5 24. Rd3 Rxe3
25. Rxe3 Rxe3 26. Rxf5 Re7 27. Rh5 Kd7 28. Rh6 Ke8 29. Kd2 Kf8 30. f4 Kg7
31. Rd6 Rf7 32. Ke3 Re7+ 33. Kf3 b5 34. h4 h5 35. a3 a5 36. b3 Re1 37. Rd7+
Kf6 38. Rxb7 Rc1 39. Rh7 Rxc2 40. Rxh5 Rc3+ 41. Ke4 Rxb3 42. Rh6+ Kg7 43.
Rxc6 Rxa3 44. Rc7+ Kf8 45. h5 b4 46. Rb7 b3 47. h6 Kg8 48. Kf5 Ra1 49. Rxb3
Kh7 50. Rb6 a4 51. Rg6 a3 52. Ra6 a2 53. Ra3 Kxh6 54. Ra7 Rb1 55. Rxa2 Kg7
56. Ra7+ Kf8 57. Kg5 Rb5+ 58. f5 Rb6 59. Rc7 Ra6 60. Rd7 Rb6 61. Ra7 Rc6
{Game drawn by mutual agreement}
1/2-1/2

[Event "ICC tourney 2009 (45 10)"]
[Site "Internet Chess Club"]
[Date "2020.09.19"]
[Round "1"]
[White "Mapking1"]
[Black "enpassant0"]
[Result "1-0"]
[ICCResult "Black resigns"]
[WhiteElo "1679"]
[BlackElo "1753"]
[Opening "Sicilian: accelerated fianchetto, modern variation with Bc4"]
[ECO "B35"]
[NIC "SI.33"]
[Time "11:04:34"]
[TimeControl "2700+10"]

1. e4 c5 2. Nf3 Nc6 3. d4 cxd4 4. Nxd4 g6 5. Nc3 Bg7 6. Be3 Nf6 7. Bc4 O-O
8. Bb3 d6 9. f3 Bd7 10. Qd2 Ne5 11. O-O-O Rc8 12. Kb1 Nc4 13. Bxc4 Rxc4 14.
g4 Qc8 15. h4 Be6 16. h5 Nd7 17. hxg6 fxg6 18. Nxe6 Bxc3 19. bxc3 Rf6 20.
Qh2 Rf7 21. Bd4 Nf8 22. Ng5 e5 23. Nxf7 Kxf7 24. Be3 Rxc3 25. Bh6 Qc5 26.
Bc1 Qb4+ 27. Bb2 Rc6 28. Qd2 Qa4 29. Qd5+ Kg7 30. Qb3 Qa6 31. f4 Rb6 32. Qc3
Rc6 33. Qd2 Rb6 34. Rh3 Nd7 35. fxe5 Nxe5 36. Qh6+ Kf7 37. Qxh7+ Ke6 38.
Qg8+ Kd7 39. Rh7+ Kc6 40. Qe8+ Kc5 41. Rd5+ Kc4 42. Rc7+ Nc6 43. Rd4+ Kc5
44. Qf7 Rxb2+ 45. Kxb2 Kxd4 46. Qd5+ Ke3 47. Qb3+ Kxe4 48. Rxb7 d5 49. Rd7
Qb6 50. Qxb6 axb6 51. Rd6 Ne5 52. Kc3 b5 53. Kb4 g5 54. Kxb5 Nxg4 55. a4 Ne5
56. a5 Nc4 57. Rd8 Na3+ 58. Kc5 Nxc2 59. a6 d4 60. a7 d3 61. a8=Q+ Ke3 62.
Qd5 Ne1 63. Qxg5+ Ke2 {Black resigns} 1-0

[Event "ICC tourney 2009 (45 10)"]
[Site "Internet Chess Club"]
[Date "2020.09.19"]
[Round "1"]
[White "CoastalJourney"]
[Black "michaelxiao"]
[Result "1-0"]
[ICCResult "Black resigns"]
[WhiteElo "1689"]
[BlackElo "1359"]
[Opening "QGD: 4.Bg5 Be7"]
[ECO "D53"]
[NIC "QO.13"]
[Time "11:04:36"]
[TimeControl "2700+10"]

1. d4 d5 2. c4 e6 3. Nc3 Nf6 4. Bg5 Be7 5. e3 h6 6. Bh4 c6 7. Nf3 Nbd7 8.
Be2 b6 9. Rc1 Bb7 10. Qc2 Rc8 11. Qd1 Nf8 12. cxd5 exd5 13. Ne5 Ne6 14. Bg3
Kf8 15. Bf3 g6 16. O-O Kg7 17. Be2 c5 18. Kh1 h5 19. h3 h4 20. Bh2 Bd6 21.
f4 cxd4 22. exd4 Ne4 23. Bg4 Rc4 24. Nxc4 dxc4 25. Nxe4 Bxe4 26. Re1 Bd5 27.
Bf3 Bxf3 28. Qxf3 Qc7 29. Qc3 Nxf4 30. d5+ Kh7 31. Qxc4 Qxc4 32. Rxc4 Nd3
33. Rxh4+ Kg7 34. Rxh8 Kxh8 35. Re8+ Kg7 36. Bxd6 Nc5 37. Bxc5 bxc5 38. d6
{Black resigns}
1-0

[Event "ICC tourney 2009 (45 10)"]
[Site "Internet Chess Club"]
[Date "2020.09.19"]
[Round "1"]
[White "ybabji"]
[Black "chessfirelord"]
[Result "1-0"]
[ICCResult "Black resigns"]
[WhiteElo "1821"]
[BlackElo "1556"]
[Opening "Sicilian: Alapin's variation (2.c3)"]
[ECO "B22"]
[NIC "SI.46"]
[Time "11:06:13"]
[TimeControl "2700+10"]

1. e4 c5 2. c3 d5 3. exd5 Qxd5 4. Nf3 Nc6 5. d4 e6 6. Be3 cxd4 7. Nxd4 Nf6
8. Nxc6 bxc6 9. Qxd5 cxd5 10. Nd2 Be7 11. Nb3 Nd7 12. Bb5 a6 13. Bc6 Rb8 14.
Ba7 Rxb3 15. axb3 Kd8 16. Bxd7 Kxd7 17. Ke2 Kc6 18. Rhd1 Bb7 19. c4 Rd8 20.
Be3 Kd7 21. cxd5 exd5 22. Rac1 Re8 23. Kf1 a5 24. Bb6 Bc6 25. Bxa5 Rb8 26.
Rc3 Bf6 27. Rg3 Be5 28. f4 Bxb2 29. Bc3 Bxc3 30. Rxc3 Rb4 31. Rdc1 Bb5+ 32.
Kf2 Ke6 33. Re3+ Kd6 34. g3 g6 35. Rd1 d4 36. Re4 Kd5 37. Re5+ Kd6 38. Re4
Kd5 39. Re7 Rxb3 40. Rd2 f5 41. Rxh7 d3 42. Rg7 Be8 43. Re7 Bb5 44. Ke3 Kc4
45. Rc7+ Kd5 46. Re7 Kc4 47. Rf7 Kd5 48. h4 Ke6 49. Rb7 Kd5 50. Rb6 Rb1 51.
Rxg6 Re1+ 52. Kf2 Rc1 53. h5 Rh1 54. h6 Rh2+ 55. Ke3 Rh1 56. Rf6 Re1+ 57.
Kf2 {Black resigns} 1-0

[Event "ICC tourney 2009 (45 10)"]
[Site "Internet Chess Club"]
[Date "2020.09.19"]
[Round "1"]
[White "DanielA1926"]
[Black "Randomdude21"]
[Result "1-0"]
[ICCResult "Black checkmated"]
[WhiteElo "1528"]
[BlackElo "1575"]
[Opening "King's Indian: East Indian defense"]
[ECO "A48"]
[NIC "QP.06"]
[Time "11:04:40"]
[TimeControl "2700+10"]

1. d4 Nf6 2. Nf3 g6 3. c3 Bg7 4. Bg5 O-O 5. Nbd2 d6 6. e4 h6 7. Bxf6 Bxf6 8.
Bb5 Bg7 9. O-O e5 10. dxe5 dxe5 11. Qc2 f5 12. Rad1 f4 13. Nc4 Qe7 14. Ba4
c6 15. Bb3 Kh7 16. Nd6 Bg4 17. Qe2 Na6 18. Rd2 Rad8 19. Rfd1 Rd7 20. Nc4
Rxd2 21. Qxd2 Bxf3 22. gxf3 Qg5+ 23. Kh1 Qh5 24. Kg2 Qg5+ 25. Kh1 Nc5 26.
Qe2 Qh4 27. Nd6 Qh3 28. Bc2 Rd8 29. b4 Ne6 30. Nxb7 Rxd1+ 31. Bxd1 Ng5 32.
Kg1 Qh4 33. Kg2 Nh3 34. Qf1 g5 35. Nd6 g4 36. Nf5 Qd8 37. fxg4 Ng5 38. f3
Qd2+ 39. Qe2 Qxc3 40. h4 Ne6 41. Bb3 Nd4 42. Nxd4 Qxd4 43. Qc4 Qd2+ 44. Kh3
Qf2 45. Qg8+ Kg6 46. Qf7+ Kh7 47. Qg8+ Kg6 48. h5+ Kf6 49. Qd8#
{Black checkmated}
1-0

[Event "ICC tourney 2009 (45 10)"]
[Site "Internet Chess Club"]
[Date "2020.09.19"]
[Round "1"]
[White "steinutz"]
[Black "Deveshc"]
[Result "1-0"]
[ICCResult "Black checkmated"]
[WhiteElo "1784"]
[BlackElo "1499"]
[Opening "Levitsky attack (Queen's bishop attack)"]
[ECO "D00"]
[NIC "QP.08"]
[Time "11:04:53"]
[TimeControl "2700+10"]

1. d4 d5 2. Bg5 Nf6 3. e3 e6 4. Bd3 Be7 5. Nd2 b6 6. c3 O-O 7. f4 Ba6 8. Qe2
Bxd3 9. Qxd3 Nbd7 10. Ngf3 c5 11. O-O c4 12. Qc2 Ng4 13. Rae1 h6 14. Bxe7
Qxe7 15. Ne5 Ngxe5 16. fxe5 Rfb8 17. e4 Nf8 18. Rf3 Ng6 19. Ref1 Rf8 20.
R1f2 b5 21. Nf1 dxe4 22. Qxe4 a5 23. Rxf7 Rxf7 24. Qxa8+ Kh7 25. Rxf7 Qxf7
26. Qe4 Qf4 27. Qc2 Qf7 28. g3 Kh8 29. Qf2 Qb7 30. Nd2 Kg8 31. Qf3 Qxf3 32.
Nxf3 Ne7 33. Kf2 Nd5 34. Nd2 Kf7 35. Ke2 Nb6 36. Ne4 Ke7 37. Kd2 Kd7 38. Nd6
b4 39. h4 b3 40. axb3 cxb3 41. c4 a4 42. Kc3 Kc6 43. h5 Kd7 44. Kb4 Kc6 45.
c5 Nd5+ 46. Kxa4 Ne7 47. Kxb3 Nd5 48. Kc4 Ne3+ 49. Kd3 Nf1 50. Ne4 Nh2 51.
b4 Nf3 52. Kc4 Ne1 53. b5+ Kc7 54. b6+ Kc6 55. Nd6 Nc2 56. b7 Kc7 57. c6
Ne3+ 58. Kc5 Nd5 59. Ne8+ Kb8 60. Nxg7 Nc7 61. g4 Ka7 62. Kd6 Nb5+ 63. Kd7
Kb8 64. Nxe6 Na7 65. Nc5 Nb5 66. e6 Nxd4 67. c7+ Ka7 68. b8=Q#
{Black checkmated}
1-0

[Event "ICC tourney 2009 (45 10)"]
[Site "Internet Chess Club"]
[Date "2020.09.19"]
[Round "1"]
[White "lmperfectFocus"]
[Black "DavGasparyan"]
[Result "0-1"]
[ICCResult "White resigns"]
[WhiteElo "1613"]
[BlackElo "1912"]
[Opening "Sicilian: Alapin's variation (2.c3)"]
[ECO "B22"]
[NIC "SI.46"]
[Time "11:04:32"]
[TimeControl "2700+10"]

1. e4 c5 2. c3 d5 3. exd5 Qxd5 4. d4 Nc6 5. Nf3 cxd4 6. cxd4 e6 7. Nc3 Qa5
8. Bd2 Nf6 9. Bc4 Qb6 10. O-O Bd6 11. d5 exd5 12. Bxd5 O-O 13. Be3 Qd8 14.
Bg5 Be7 15. Re1 Nxd5 16. Qxd5 Bxg5 17. Nxg5 Qf6 18. Nce4 Qg6 19. Nd6 Nb4 20.
Qc4 Qxd6 21. Nxf7 Qd5 22. Qxb4 Qxf7 23. Qh4 Be6 24. Re2 Rae8 25. Rae1 Bd5
26. Re7 Rxe7 27. Rxe7 Qg6 {White resigns} 0-1

[Event "ICC tourney 2009 (45 10)"]
[Site "Internet Chess Club"]
[Date "2020.09.19"]
[Round "1"]
[White "orwind"]
[Black "Jonjons"]
[Result "1/2-1/2"]
[ICCResult "Game drawn by mutual agreement"]
[WhiteElo "1506"]
[BlackElo "1734"]
[Opening "Ruy Lopez: Berlin defense, open variation"]
[ECO "C67"]
[NIC "RL.07"]
[Time "11:04:36"]
[TimeControl "2700+10"]

1. e4 e5 2. Nf3 Nc6 3. Bb5 Nf6 4. O-O Nxe4 5. Re1 Nd6 6. Nxe5 Nxe5 7. Rxe5+
Be7 8. Bf1 O-O 9. d4 Ne8 10. Nc3 d6 11. Re1 Nf6 12. Bg5 c6 13. h3 d5 14. Qd2
Bf5 15. Bd3 Bxd3 16. Qxd3 h6 17. Bh4 Kh8 18. Re3 Ng8 19. Bxe7 Nxe7 20. Rae1
Ng6 21. Ne2 Qd7 22. Qd2 f5 23. Nc1 Rae8 24. Rxe8 Rxe8 25. Nd3 Rxe1+ 26. Qxe1
b6 27. c3 Qe7 28. Qxe7 Nxe7 29. Kf1 g5 30. Ke2 Kg7 31. g4 Kf6 32. Ne5 c5 33.
Ke3 Ke6 34. f3 fxg4 35. fxg4 Kf6 36. Kf3 Ke6 {Game drawn by mutual
agreement} 1/2-1/2

[Event "ICC tourney 2009 (45 10)"]
[Site "Internet Chess Club"]
[Date "2020.09.19"]
[Round "1"]
[White "wangfang75"]
[Black "ScoutViolet"]
[Result "0-1"]
[ICCResult "White resigns"]
[WhiteElo "1869"]
[BlackElo "1653"]
[Opening "Ruy Lopez: modern Steinitz defense, fianchetto (Bronstein) variation"]
[ECO "C76"]
[NIC "RL.11"]
[Time "11:04:35"]
[TimeControl "2700+10"]

1. e4 e5 2. Nf3 Nc6 3. Bb5 a6 4. Ba4 d6 5. c3 Bd7 6. d4 g6 7. O-O Bg7 8. Bg5
Nge7 9. d5 Nb8 10. Nbd2 O-O 11. Bc2 h6 12. Bh4 g5 13. Bg3 f5 14. exf5 Nxf5
15. Ne4 Nxg3 16. Nxg3 Bg4 17. Qd3 Qf6 18. h3 Bxf3 19. gxf3 Rf7 20. Qh7+ Kf8
21. Bg6 Re7 22. Nh5 Qxf3 23. Bf5 Qxh5 24. Be6 Rf7 25. f4 gxf4 26. Kh2 Bf6
27. Bxf7 Qxf7 28. Qxh6+ Bg7 29. Qg5 Nd7 30. Rg1 Re8 31. h4 Nf6 32. Qg2 e4
33. c4 f3 34. Qf2 Nh5 35. Raf1 Be5+ 36. Kh1 Qf4 {White resigns} 0-1

[Event "ICC tourney 2009 (45 10)"]
[Site "Internet Chess Club"]
[Date "2020.09.19"]
[Round "1"]
[White "fhunfi"]
[Black "bgl2011"]
[Result "1-0"]
[ICCResult "Black forfeits on time"]
[WhiteElo "1752"]
[BlackElo "1443"]
[Opening "Ruy Lopez: Wormald (Alapin) attack"]
[ECO "C77"]
[NIC "RL.12"]
[Time "11:04:50"]
[TimeControl "2700+10"]

1. e4 e5 2. Nf3 Nc6 3. Bb5 a6 4. Ba4 Nf6 5. Qe2 b5 6. Bb3 Bc5 7. c3 O-O 8.
a4 bxa4 9. Bxa4 Bb7 10. d3 d6 11. O-O h6 12. Be3 Bb6 13. Nbd2 Qe7 14. Nc4
Bxe3 15. Nxe3 Qe6 16. Nd2 Rfe8 17. Bb3 Qd7 18. Ra3 Red8 19. Nd5 Nxd5 20.
Bxd5 Rdb8 21. Nc4 Ne7 22. Bxb7 Rxb7 23. Rfa1 Rba7 24. b4 Nc8 25. Qe3 Qc6 26.
Na5 Qd7 27. Nb3 c6 28. Ra5 Qb7 29. R1a3 Ne7 30. g3 Nc8 31. f4 exf4 32. gxf4
Nb6 33. Qd4 Rd8 34. Nc5 Qc7 35. Nxa6 Qb7 36. Nc5 Qc8 37. Rxa7 Qg4+ 38. Kf2
Qh4+ 39. Kg2 Qg4+ 40. Kf1 Qd1+ 41. Kf2 Qd2+ 42. Kg3 Qe1+ 43. Qf2 Qd1 44. Nb3
h5 45. h3 Qxd3+ 46. Qf3 Qb1 47. Nd4 Qg1+ 48. Qg2 Qe3+ 49. Qf3 Qg1+ 50. Kh4
g6 51. Qg3 Qd1 52. Ra1 Qd2 53. R7a2 {Black forfeits on time} 1-0

[Event "ICC tourney 2009 (45 10)"]
[Site "Internet Chess Club"]
[Date "2020.09.19"]
[Round "1"]
[White "marinaxiao"]
[Black "AJ2000"]
[Result "0-1"]
[ICCResult "White checkmated"]
[WhiteElo "1393"]
[BlackElo "1715"]
[Opening "Giuoco Piano"]
[ECO "C54"]
[NIC "IG.02"]
[Time "11:04:51"]
[TimeControl "2700+10"]

1. e4 e5 2. Nf3 Nc6 3. Bc4 Bc5 4. c3 Nf6 5. d3 d6 6. b4 Bb6 7. a4 a6 8. O-O
O-O 9. Nbd2 Re8 10. h3 Ne7 11. d4 Ng6 12. Re1 exd4 13. cxd4 d5 14. exd5
Rxe1+ 15. Qxe1 Nxd5 16. Ba3 Be6 17. Rc1 c6 18. Ne4 Ngf4 19. Neg5 Qf6 20. Qe5
Qxe5 21. dxe5 Bf5 22. Nh4 Bd3 23. Bxd5 Nxd5 24. g3 Re8 25. Re1 Nc3 26. Ngf3
Ne4 27. Kg2 Nxf2 28. Bb2 Bc4 29. Bd4 Bxd4 30. Nxd4 Nd3 31. Rd1 Rxe5 32. Nhf3
Rd5 33. Nc2 h6 34. Ne3 Rd7 35. Kg1 Bb3 36. Rd2 Bxa4 37. Nc4 Bb5 38. Nb6 Re7
39. Nd4 Ne1 40. Nxb5 Nf3+ 41. Kf2 Nxd2 42. Nd4 Ne4+ 43. Kf3 Ng5+ 44. Kf2
Nxh3+ 45. Kg2 Ng5 46. Kf2 Re4 47. Nf3 Nxf3 48. Kxf3 Rxb4 49. Nd7 a5 50. Ne5
a4 51. Nd3 Rb3 52. Ke2 Rxd3 53. Kxd3 b5 54. Kc3 g5 55. Kb2 h5 56. Kc3 h4 57.
gxh4 gxh4 58. Kb4 h3 59. Kc3 h2 60. Kd2 h1=Q 61. Kd3 Qd5+ 62. Ke3 a3 63. Ke2
a2 64. Ke3 a1=Q 65. Ke2 Qb2+ 66. Ke3 Qbd4+ 67. Ke2 Qd3+ 68. Kf2 Q5f3+ 69.
Kg1 Qdf1+ 70. Kh2 Q3h3# {White checkmated} 0-1

[Event "ICC tourney 2009 (45 10)"]
[Site "Internet Chess Club"]
[Date "2020.09.19"]
[Round "1"]
[White "TigerSahi"]
[Black "imranchamp"]
[Result "0-1"]
[ICCResult "White checkmated"]
[WhiteElo "1580"]
[BlackElo "1827"]
[Opening "Benkö gambit half accepted"]
[ECO "A57"]
[NIC "BI.43"]
[Time "11:04:38"]
[TimeControl "2700+10"]

1. d4 Nf6 2. c4 c5 3. d5 b5 4. cxb5 a6 5. e3 g6 6. Nf3 Bg7 7. bxa6 O-O 8.
Nc3 d6 9. Be2 Qa5 10. Bd2 Bxa6 11. O-O Bxe2 12. Qxe2 Qa6 13. Qxa6 Rxa6 14.
Rac1 Nbd7 15. Rfd1 Ng4 16. h3 Nge5 17. Nxe5 Nxe5 18. b3 Nd3 19. Rb1 Nb4 20.
a4 Rb8 21. e4 f5 22. f3 Rab6 23. Nb5 Nc2 24. b4 cxb4 25. Bxb4 Ra6 26. Rdc1
Rxa4 27. Bd2 Nd4 28. Nxd4 Bxd4+ 29. Kf1 Rxb1 30. Rxb1 fxe4 31. fxe4 Bc5 32.
Re1 Kf7 33. Bf4 e5 34. Bg3 Kf6 35. Re2 Ra1+ 36. Re1 Ra4 37. Re2 Kg5 38. Re1
Rc4 39. Re2 Bb4 40. Kg1 Rc1+ 41. Kh2 Bc5 42. Bf2 Bxf2 43. Rxf2 Re1 44. Rc2
Rxe4 45. Rc6 Rd4 46. Rxd6 e4 47. Re6 Kf5 48. Rd6 Ke5 49. Rd8 Rxd5 50. Re8+
Kd4 51. Kg3 Ke3 52. Re7 Rg5+ 53. Kh2 h5 54. Re8 Kd3 55. Rd8+ Ke2 56. Re8 e3
57. Re7 Kd2 58. Rd7+ Ke1 59. Re7 e2 60. Re8 Kf1 61. Rf8+ Rf5 62. Re8 e1=Q
63. Rxe1+ Kxe1 64. Kg3 Kf1 65. Kh2 Rf2 66. h4 Rxg2+ 67. Kh1 Rg3 68. Kh2 Kf2
69. Kh1 Rh3# {White checkmated} 0-1